 Dungeon Crawl Stone Soup version 0.28-a0-535-g6f645e4c1d (webtiles) character file.

Game seed: 16921370281287851747

191 tatocazan the Skirmisher (level 5, 42/42 HPs)
             Began as a Demonspawn Fighter on Sept 26, 2021.
             Quit the game on level 3 of the Dungeon.
             The game lasted 00:02:48 (2939 turns).

tatocazan the Skirmisher (Demonspawn Fighter)       Turns: 2939, Time: 00:02:49

Health: 42/42      AC:  8    Str: 17    XL:     5   Next: 42%
Magic:  5/5        EV:  9    Int:  9    God:
Gold:   121        SH: 14    Dex: 13    Spells: 4/4 levels left

rFire   . . .      SeeInvis .   a - +0 war axe
rCold   + . .      Faith    .   c - +0 buckler
rNeg    . . .      Spirit   .   l - +0 scale mail {Will+}
rPois   .          Reflect  +   (no helmet)
rElec   .          Harm     .   (no cloak)
rCorr   .          Rampage  .   (no gloves)
Will    +....                   (no boots)
Stlth   ..........              j - amulet of reflection
HPRegen 0.14/turn               g - ring of protection from cold
MPRegen 0.09/turn               (no ring)

@: no status effects
A: claws 1, yellow scales 1, condensation shield, demonic magic 1
a: no special abilities


You were on level 3 of the Dungeon.
You visited 1 branch of the dungeon, and saw 3 of its levels.

You collected 121 gold pieces.

Inventory:

Hand Weapons
 a - a +0 war axe (weapon)
Armour
 b - a +0 scale mail
 c - a +0 buckler (worn)
 l - a +0 scale mail of willpower (worn)
Jewellery
 g - a ring of protection from cold (left claw)
 j - an amulet of reflection (around neck)
Wands
 k - a wand of paralysis (10)
Scrolls
 e - a scroll of teleportation {unknown}
 i - 2 scrolls of identify {unknown}
 m - a scroll of summoning {unknown}
 n - a scroll of torment {unknown}
 p - a scroll of amnesia {unknown}
Potions
 d - a potion of might
 f - a potion of lignification {unknown}
 h - a potion of haste {unknown}
 o - a potion of cancellation {unknown}


   Skills:
 + Level 4.0 Fighting
 + Level 2.9 Axes
 + Level 3.6 Armour
 + Level 3.6 Shields


You had 4 spell levels left.
You didn't know any spells.
Your spell library was empty.

Dungeon Overview and Level Annotations

Branches:
Dungeon (3/15)

Altars:
Okawaru


Innate Abilities, Weirdness & Mutations

You have sharp fingernails.
You are partially covered in yellow scales. (AC +2)
A meltable shield of frost defends you. (SH +4)
Spells you cast may paralyse adjacent enemies.


Message History

You take 4 damage, and have 33/37 hp.
You slash the black bear!
The black bear is heavily wounded.
The black bear closely misses you. You block the black bear's attack.
The black bear claws you but does no damage.
You hit the black bear.
The black bear is severely wounded.
The black bear bites you. The black bear barely misses you.
The black bear claws you but does no damage.
You block the black bear's attack. x2; The black bear claws you.
You take 9 damage, and have 24/37 hp.
MASSIVE DAMAGE!!
You slash the black bear!
The black bear is almost dead.
The black bear goes berserk!
You hit the black bear.
The black bear is almost dead.
The black bear bites you but does no damage.
The black bear claws you. The black bear closely misses you.
You block the black bear's attack. x2
The black bear claws you but does no damage.
You take 4 damage, and have 20/37 hp.
You are too injured to fight recklessly!
You are too injured to fight recklessly!
You are too injured to fight recklessly!
You are too injured to fight recklessly!
You are too injured to fight recklessly!
You hit the black bear.
You kill the black bear!
Your Fighting skill increases to level 4!
You have reached level 5!
Your demonic ancestry asserts itself...
Your fingernails lengthen.
You regained 2 hp, and now have 22/42 hp.
MP restored: 5 You start resting.
HP restored.
Health restored: 42 You start waiting.
Done waiting.
Are you sure you want to abandon this character and quit the game? (Confirm with "yes".)

#...##.# #.....
#.#.##.# ######
#.#†.#.#
..##.#.# ###
#...# ##..#
#..####
##########.....#
......÷@.'.>...#
##########.....#
#.....# #.....#
#.....# #.....#
#######


There were no monsters in sight!

Vanquished Creatures
  A black bear (D:3)
  A howler monkey skeleton (D:3)
  2 adders
  A worm (D:3)
  2 dart slugs
  An orc (D:3)
  A ball python (D:1)
  7 endoplasms
  A giant cockroach (D:2)
  3 goblins
  9 hobgoblins
  3 jackals (D:3)
  5 kobolds
  2 quokkas (D:1)
  10 bats
  3 frilled lizards
  5 rats
57 creatures vanquished.

Notes
Turn   | Place    | Note
-------+----------+-------------------------------------------
     0 | D:1      | tatocazan the Demonspawn Fighter began the quest for the
                  | Orb.
     0 | D:1      | Reached XP level 1. HP: 18/18 MP: 1/1
   407 | D:1      | Gained mutation: A meltable shield of frost defends you.
                  | (SH +4) [demonic ancestry]
   407 | D:1      | Reached XP level 2. HP: 19/24 MP: 2/2
  1230 | D:2      | Gained mutation: You are partially covered in yellow
                  | scales. (AC +2) [demonic ancestry]
  1230 | D:2      | Reached XP level 3. HP: 29/29 MP: 3/3
  1293 | D:2      | Found an iron altar of Okawaru.
  2420 | D:3      | Gained mutation: Spells you cast may paralyse adjacent
                  | enemies. [demonic ancestry]
  2420 | D:3      | Reached XP level 4. HP: 35/35 MP: 4/4
  2691 | D:3      | Noticed a black bear
  2701 | D:3      | Killed a black bear
  2702 | D:3      | Reached skill level 4 in Fighting
  2702 | D:3      | Gained mutation: You have sharp fingernails. [demonic
                  | ancestry]
  2702 | D:3      | Reached XP level 5. HP: 22/42 MP: 5/5
  2939 | D:3      | Quit the game

Illustrated notes

Levels and vault maps discovered:
D:1:      psy_arrival_radial02, layout_basic
D:2:      layout_loops_ring, basic_altar
D:3:      layout_basic

Skill      XL: |  1  2  3  4 |
---------------+-------------+-----
Axes           | 2 |  2.9
Armour         | 3 |  3.6
Shields        | 3 |  3.6
Fighting       | 4 |  4.0

Action                   |  1- 3 |  4- 6 || total
-------------------------+-------+-------++-------
Melee: War axe           |   142 |    47 ||   189
Armor: Scale mail        |    83 |    21 ||   104
Dodge: Dodged            |    90 |    18 ||   108
Block: Buckler           |    72 |    45 ||   117
       Reflection        |       |     1 ||     1

Table legend: (Time is in decaauts)
 A = Elapsed time spent in this place.
 B = Non-inter-level travel time spent in this place.
 C = Inter-level travel time spent in this place.
 D = Time resting spent in this place.
 E = Time spent auto-exploring this place.
 F = Levels seen in this place.
 G = Mean time per level.
                   A        B        C        D        E       F      G
               +--------+--------+--------+--------+--------+-----+--------+
         Total |   3016 |   2974 |     42 |    989 |   1513 |   3 | 1005.3 |
       Dungeon |   3016 |   2974 |     42 |    989 |   1513 |   3 | 1005.3 |
               +--------+--------+--------+--------+--------+-----+--------+

Top non-repeatable levels by time:
     D:1: 1257 daAuts
     D:2: 1131 daAuts
     D:3: 626 daAuts
